 Dungeon Crawl Stone Soup version 0.27-a0-1119-gbf574a6a6b (webtiles) character file.

Game seed: 13906671147912781796

697 jasper the Tainter (level 7, -1/46 HPs)
             Began as a Demonspawn Venom Mage on May 2, 2021.
             Slain by a gnoll sergeant
             ... wielding a +0 spear
              (10 damage)
             ... on level 5 of the Dungeon.
             The game lasted 00:09:01 (5344 turns).

jasper the Tainter (Demonspawn Venom Mage)          Turns: 5344, Time: 00:09:01

Health: -1/46      AC: 13    Str:  9    XL:     7   Next: 37%
Magic:  7/12       EV: 12    Int: 18    God:
Gold:   216        SH:  0    Dex: 13    Spells: 1/13 levels left

rFire    . . .     SeeInvis .   o - +1 trident (protect)
rCold    . . .     Faith    .   (no shield)
rNeg     . . .     Spirit   .   q - +2 robe {Will+}
rPois    .         Reflect  .   (helmet restricted)
rElec    .         Harm     .   s - +0 cloak
rCorr    .         Rampage  .   t - +0 pair of gloves
Will     +....                  (no boots)
Stlth    ++........             (no amulet)
HPRegen  0.15/turn              (no ring)
MPRegen  0.13/turn              (no ring)

@: under a protective aura
A: horns 1, foul stench 1, spiny 1
a: no special abilities


You were on level 5 of the Dungeon.
You visited 1 branch of the dungeon, and saw 5 of its levels.

You collected 216 gold pieces.

Inventory:

Hand Weapons
 i - a +0 spear
 o - a +1 trident of protection (weapon)
Missiles
 g - 13 boomerangs
 j - 25 poisoned darts
 k - 76 arrows
 m - 59 bolts
Armour
 a - a +0 robe
 l - a +1 helmet
 q - a +2 robe of willpower (worn)
 s - a +0 cloak (worn)
 t - a +0 pair of gloves (worn)
Jewellery
 u - a ring of resist corrosion
Wands
 p - a wand of flame (17)
Scrolls
 b - 3 scrolls of teleportation
 c - 3 scrolls of fog
Potions
 d - 2 potions of flight
 e - 2 potions of brilliance
 f - a potion of haste {unknown}
 h - a potion of degeneration {unknown}
 n - a potion of lignification {unknown}
 r - 2 potions of resistance {unknown}


   Skills:
 - Level 1.7 Dodging
 - Level 1.7 Stealth
 + Level 3.7 Spellcasting
 - Level 0.8 Transmutations
 - Level 8.0 Poison Magic


You had one spell level left.
You knew the following spells:

 Your Spells              Type           Power      Damage    Failure   Level
a - Sting                 Tmut/Pois      76%        1d6       2%          1
b - Mephitic Cloud        Conj/Pois/Air  12%        N/A       16%         3
c - Ignite Poison         Fire/Tmut/Pois 13%        N/A       14%         3
d - Olgreb's Toxic Radia  Pois           32%        N/A       5%          4
e - Animate Skeleton      Necr           6%         N/A       16%         1

Your spell library contained the following spells:

 Spells                   Type           Power      Damage    Failure   Level
 Apportation              Tloc           6%         N/A       16%         1
 Corona                   Hex            3%         N/A       16%         1
 Summon Small Mammal      Summ           12%        N/A       16%         1
 Poisonous Vapours        Pois/Air       34%        N/A       4%          2


Dungeon Overview and Level Annotations

Branches:
Dungeon (5/15)
 Temple: D:4-7

Altars:
Ashenzari
Fedhas
Okawaru
The Shining One


Innate Abilities, Weirdness & Mutations

You have a pair of small horns on your head.
You may rarely emit foul miasma when damaged in melee.
You are partially covered in sharp spines.


Message History

Aiming: Sting (safe; 2% risk of failure)
Press: ? - help, Q - select action, (/) - cycle Shift-Dir - straight line, f - gnoll sergeant
Aim: a gnoll sergeant, wielding a +0 spear and wearing a +0 scale mail (wandering, hasn't noticed you, 81% to hit)
The sting hits the gnoll sergeant but does no damage.
The gnoll sergeant is poisoned.
The gnoll sergeant shouts!
You hear a shout! x2
You now have 9/12 mp.
Aiming: Sting (safe; 2% risk of failure)
Press: ? - help, Q - select action, (/) - cycle Shift-Dir - straight line, f/p - gnoll sergeant
Aim: a gnoll sergeant, wielding a +0 spear and wearing a +0 scale mail (poisoned, 81% to hit)
The sting hits the gnoll sergeant.
The gnoll sergeant looks even sicker.
The gnoll sergeant is lightly wounded.
The gnoll sergeant misses you.
Aiming: Sting (safe; 2% risk of failure)
Press: ? - help, Q - select action, (/) - cycle Shift-Dir - straight line, f/p - gnoll sergeant
Aim: a gnoll sergeant, wielding a +0 spear and wearing a +0 scale mail (lightly wounded, very poisoned, 81% to hit)
The sting hits the gnoll sergeant but does no damage.
The gnoll sergeant looks even sicker.
The gnoll sergeant is lightly wounded.
The gnoll sergeant closely misses you.
You now have 8/12 mp.
Aiming: Sting (safe; 2% risk of failure)
Press: ? - help, Q - select action, (/) - cycle Shift-Dir - straight line, f/p - gnoll sergeant
Aim: a gnoll sergeant, wielding a +0 spear and wearing a +0 scale mail (lightly wounded, very poisoned, 81% to hit)
The sting hits the gnoll sergeant but does no damage.
The gnoll sergeant looks as sick as possible!
The gnoll sergeant is lightly wounded.
The gnoll sergeant hits you from afar with a +0 spear!
* * * LOW HITPOINT WARNING * * *
You take 10 damage, and have 9/46 hp.
MASSIVE DAMAGE!!
You now have 7/12 mp.
Reach: o) +1 trident (protect)
Press: ? - help, Dir - move target, f/p - gnoll sergeant
Aim: a gnoll sergeant, wielding a +0 spear and wearing a +0 scale mail (lightly wounded, extremely poisoned, about 36% to evade your +1 trident of protection)
You reach to attack!
You hit the gnoll sergeant but do no damage.
Your weapon exudes an aura of protection.
The gnoll sergeant is lightly wounded.
The gnoll sergeant hits you from afar with a +0 spear!
You die...

#.....##.## ...
###.†.......# #..#
#...###....## ##...## #...#
#.##.# #.....#. #
...##.#...#####........#
........#..........##...
#..#....#.............#
##<####.###...(.##....#.
#.###..####..).@....>..
#.......#.####)...#.##....
##......... ##..g.##.# ....#
#....##.##..#..g####.##....?
.....##.##.......###.......<
#........#.....#..#.........
...##.........###...........
.#.###..#.##.. #...........
##..#....###.. ##.........#


You could see a gnoll sergeant (extremely poisoned) and a gnoll.

Vanquished Creatures
  A black bear (D:5)
  An ogre (D:5)
  A bullfrog (D:3)
  2 scorpions
  A hound (D:4)
  An orc priest (D:5)
  A bullfrog skeleton (D:5)
  2 iguanas
  A scorpion zombie (D:5)
  Terence (D:3)
  A killer bee zombie (D:3)
  Robin (D:2)
  2 adders
  A howler monkey skeleton (D:5)
  2 gnolls (D:5)
  A white imp (D:4)
  2 worms (D:2)
  A dart slug (D:2)
  3 orcs
  6 endoplasms
  2 giant cockroaches
  12 goblins
  11 hobgoblins
  3 jackals (D:4)
  6 quokkas
  8 ball pythons
  2 bats
  3 frilled lizards
  6 rats
85 creatures vanquished.

Vanquished Creatures (others)
  A plant (D:4)
1 creature vanquished.

Grand Total: 86 creatures vanquished

Notes
Turn   | Place    | Note
-------+----------+-------------------------------------------
     0 | D:1      | jasper the Demonspawn Venom Mage began the quest for the
                  | Orb.
     0 | D:1      | Reached XP level 1. HP: 13/13 MP: 3/3
   694 | D:1      | Gained mutation: You are partially covered in sharp spines.
                  | [demonic ancestry]
   694 | D:1      | Reached XP level 2. HP: 19/19 MP: 0/5
  1498 | D:1      | Found a faded altar of an unknown god.
  1638 | D:2      | Reached skill level 4 in Poison Magic
  1663 | D:2      | Reached XP level 3. HP: 24/24 MP: 2/6
  1902 | D:2      | Learned a level 3 spell: Mephitic Cloud
  2208 | D:2      | Noticed Robin
  2253 | D:2      | Killed Robin
  2545 | D:2      | Reached XP level 4. HP: 30/30 MP: 1/7
  2549 | D:2      | Learned a level 3 spell: Ignite Poison
  2609 | D:2      | Reached skill level 5 in Poison Magic
  3320 | D:3      | Found an iron altar of Okawaru.
  3409 | D:3      | Noticed a bullfrog
  3415 | D:3      | Killed a bullfrog
  3416 | D:3      | Reached skill level 6 in Poison Magic
  3416 | D:3      | Gained mutation: You may rarely emit foul miasma when
                  | damaged in melee. [demonic ancestry]
  3416 | D:3      | Reached XP level 5. HP: 35/35 MP: 3/8
  3475 | D:3      | Found a broken altar of Ashenzari.
  3825 | D:3      | Noticed Terence
  3840 | D:3      | Killed Terence
  4329 | D:4      | Gained mutation: You have a pair of small horns on your
                  | head. [demonic ancestry]
  4329 | D:4      | Reached XP level 6. HP: 41/41 MP: 4/9
  4391 | D:4      | Found a blossoming altar of Fedhas.
  4536 | D:4      | Reached skill level 7 in Poison Magic
  4899 | D:5      | Entered Level 5 of the Dungeon
  5138 | D:5      | Reached skill level 8 in Poison Magic
  5138 | D:5      | Reached XP level 7. HP: 46/46 MP: 4/11
  5149 | D:5      | Learned a level 4 spell: Olgreb's Toxic Radiance
  5267 | D:5      | Learned a level 1 spell: Animate Skeleton
  5344 | D:5      | Slain by a gnoll sergeant

Illustrated notes

Levels and vault maps discovered:
D:1:      dpeg_arrival_short_road, layout_basic,
          shapermc_ecumenical_altar_mp_vishouse, minmay_misc_feat_iff,
          minmay_pentomino_p4
D:2:      layout_loops_cross, grunt_ministairs_6, uniq_robin
D:3:      layout_rooms, okawaru_ov_weapons_minmay, nicolae_ashenzari_panopticon,
          uniq_terence
D:4:      layout_gridville, tso_oasis_becter, lemuel_tele_altar,
          minmay_stone_trees_small, minmay_misc_feat_pillars
D:5:      layout_cave_pools, elyvilon_altar_3, hangedman_decor_riveting

Skill      XL: |  1  2  3  4  5  6  7 |
---------------+----------------------+-----
Poison Magic   | 4 6 8 |  8.0
Spellcasting   | 3 |  3.7
Dodging        | |  1.7
Stealth        | |  1.7
Transmutations | |  0.8

Action                   |  1- 3 |  4- 6 |  7- 9 || total
-------------------------+-------+-------+-------++-------
Melee: Unarmed           |     4 |       |       ||     4
       Spear             |     5 |       |       ||     5
       Trident           |    11 |    29 |     6 ||    46
       Headbutt          |       |     1 |     1 ||     2
Throw: Boomerang         |       |     2 |       ||     2
 Cast: Sting             |    79 |    76 |    20 ||   175
       Mephitic Cloud    |       |     1 |       ||     1
       Ignite Poison     |       |     1 |       ||     1
  Use: Scroll            |       |    11 |       ||    11
       Potion            |       |       |     1 ||     1
Armor: Robe              |     4 |    17 |     8 ||    29
Dodge: Dodged            |    17 |    41 |    14 ||    72

Table legend: (Time is in decaauts)
 A = Elapsed time spent in this place.
 B = Non-inter-level travel time spent in this place.
 C = Inter-level travel time spent in this place.
 D = Time resting spent in this place.
 E = Time spent auto-exploring this place.
 F = Levels seen in this place.
 G = Mean time per level.
                   A        B        C        D        E       F      G
               +--------+--------+--------+--------+--------+-----+--------+
         Total |   5356 |   5135 |    221 |    291 |   4119 |   5 | 1071.2 |
       Dungeon |   5356 |   5135 |    221 |    291 |   4119 |   5 | 1071.2 |
               +--------+--------+--------+--------+--------+-----+--------+

Top non-repeatable levels by time:
     D:1: 1563 daAuts
     D:2: 1499 daAuts
     D:3: 959 daAuts
     D:4: 884 daAuts
     D:5: 450 daAuts
